 Dungeon Crawl Stone Soup version 0.17.1-2-g5865329 (webtiles) character file.

5761 g1smo the Carver (level 10, -3/74 HPs)
             Began as a Demonspawn Berserker on Jan 23, 2016.
             Was a High Priest of Trog.
             Slain by an orc warrior
             ... wielding a +0 glaive
             ... led by an orc knight
              (11 damage)
             ... on level 3 of the Orcish Mines on Jan 27, 2016.
             The game lasted 00:29:48 (10071 turns).

g1smo the Carver (Demonspawn Berserker)            Turns: 10071, Time: 00:29:48

Health: -3/74      AC: 18    Str: 21    XL:     10   Next: 49%
Magic:  10/10      EV:  6    Int: 12    God:    Trog [*****.]
Gold:   1255       SH:  0    Dex: 13    Spells: 0 memorised, 9 levels left

rFire  + + .     SeeInvis .     g - +1 great sword (freeze)
rCold  x . .     Clarity  .     D - +0 plate armour
rNeg   . . .     SustAt   .     (shield currently unavailable)
rPois  .         Gourm    .     (helmet restricted)
rElec  .         Spirit   .     z - +1 cloak "Ankoef" {rF+ rC- Int+4 Slay+5}
rCorr  .         Warding  .     y - +2 pair of gloves
rMut   .         Stasis   .     (no boots)
MR     .....                    (no amulet)
Stlth  ..........               (no ring)
                                d - ring of protection from fire

@: exhausted, slowed, drained, very slow, not resistant to hostile enchantments,
extremely unstealthy
A: antennae 1, slimy green scales 2, foul stench 1, rot immunity
a: Berserk, Trog's Hand, Brothers in Arms, Burn Spellbooks, Renounce Religion


You were on level 3 of the Orcish Mines.
You worshipped Trog.
Trog was extremely pleased with you.
You were very hungry.

You visited 2 branches of the dungeon, and saw 13 of its levels.

You collected 1255 gold pieces.

Inventory:

Hand Weapons
 g - a +1 great sword of freezing (weapon)
Armour
 w - a +1 chain mail of fire resistance
 y - a +2 pair of gloves (worn)
 z - the +1 cloak "Ankoef" (worn) {rF+ rC- Int+4 Slay+5}
   (You found it on level 4 of the Dungeon)

   It affects your intelligence (+4).
   It affects your accuracy and damage with ranged weapons and melee attacks
   (+5).
   It protects you from fire.
   It makes you vulnerable to cold.
 D - a +0 plate armour (worn)
Jewellery
 d - a ring of protection from fire (left hand)
 f - an uncursed ring of fire
 l - an uncursed ring of poison resistance {unknown}
 p - an uncursed ring of positive energy {unknown}
Wands
 q - a wand of lightning (9)
 x - a wand of teleportation (1)
 B - a wand of random effects (38)
Scrolls
 e - 2 scrolls of enchant armour
 i - 3 scrolls of teleportation
 j - a scroll of blinking
 n - 4 scrolls of remove curse
 o - 5 scrolls of recharging
 r - a scroll of fear
Potions
 b - 3 potions of curing
 k - 5 potions of haste
 m - a potion of flight
 t - 4 potions of brilliance
 u - a potion of berserk rage
 v - a potion of cure mutation
 C - 2 potions of heal wounds
Comestibles
 c - 9 bread rations
 h - a royal jelly
 s - 5 meat rations


   Skills:
 + Level 5.5 Fighting
 * Level 13.6(13.5) Long Blades
 - Level 1.7 Armour
 - Level 1.7 Dodging


You had 9 spell levels left.
You didn't know any spells.

Dungeon Overview and Level Annotations

Branches:
Dungeon (10/15)            Temple (0/1) D:7             Orc (3/4) D:9
   Lair: D:8-11         Elf: Orc:3-4

Altars:
Cheibriados
Nemelex Xobeh
Okawaru
Qazlal
Sif Muna
Trog
Xom
The Shining One
Beogh


Innate Abilities, Weirdness & Mutations

You have a pair of small antennae on your head.
You are mostly covered in slimy green scales (AC +3).
You may emit foul miasma when damaged in melee.
You are immune to rotting.


Message History

You slash the orc knight! You freeze the orc knight.
The orc knight is almost dead.
The orc knight hits you but does no damage.
You closely miss the orc knight.
The orc knight is almost dead.
You are no longer berserk.
You are exhausted.
You feel yourself slow down.
You are feeling very hungry.
The orc warrior hits you with a flail of holy wrath!
* * * LOW HITPOINT WARNING * * *
You convulse.
* * * LOW HITPOINT WARNING * * *
The orc warrior hits you with a glaive.
* * * LOW HITPOINT WARNING * * *
You closely miss the orc knight.
The orc knight is almost dead.
The orc knight hits you but does no damage.
The orc warrior barely misses you. The orc warrior hits you with a glaive!
You die...

##..........#
..<................
...................
......#...........
.....##.........# .
...### ##.......### ...
...#####..........##...>
†....#..........oo......
..............$)@o.....#
#.........##.†......$..#
...........##..........#
..........#####....$....
#.........# #$........
###.....### ##......##
#..#..# ##....## #######
#..##


You could see an orc knight and 2 orc warriors.

Vanquished Creatures
  A troll (Orc:3)
  Grinder (D:6)
  A two-headed ogre (D:9)
  A spriggan (D:7)
  A wyvern (D:9)
  A hippogriff (D:9)
  2 wargs
  The ghost of onwiheg the Chiller, an amateur DEIE (D:3)
  3 sky beasts
  A water moccasin (D:8)
  7 ogres
  2 orc warriors
  An ice beast (D:5)
  5 centaurs
  A big kobold (D:10)
  7 giant frogs
  A gnoll sergeant (D:7)
  4 scorpions
  5 killer bees (D:9)
  2 crimson imps
  2 centaur zombies
  9 orc priests
  Crazy Yiuf (D:6)
  2 giant frog skeletons
  2 jellies
  3 centaur skeletons
  6 hounds
  7 orc wizards
  12 worker ants
  Terence (D:2)
  A worker ant zombie (D:10)
  2 hound skeletons
  8 adders
  7 gnolls
  A shadow imp (D:6)
  2 oozes
  An adder skeleton (D:6)
  3 worms (D:3)
  7 giant geckos
  73 orcs
  7 giant cockroaches
  9 hobgoblins
  12 kobolds
  3 quokkas (D:4)
  5 ball pythons
  5 bats
  A giant gecko zombie (D:5)
  14 giant newts
  13 goblins
  11 jackals
  10 rats
288 creatures vanquished.

Notes
Turn   | Place    | Note
--------------------------------------------------------------
     0 | D:1      | g1smo the Demonspawn Berserker began the quest for the Orb.
     0 | D:1      | Reached XP level 1. HP: 18/18 MP: 1/1
   378 | D:1      | Gained mutation: You are partially covered in slimy green scales (AC +2). [demonic ancestry]
   378 | D:1      | Reached XP level 2. HP: 20/24 MP: 2/2
   843 | D:3      | Reached ** piety under Trog
   850 | D:3      | Noticed onwiheg's ghost (amateur DEIE)
   863 | D:3      | Killed onwiheg's ghost
   863 | D:3      | Reached skill level 5 in Long Blades
   863 | D:3      | Gained mutation: You have a pair of small antennae on your head. [demonic ancestry]
   863 | D:3      | Reached XP level 3. HP: 29/29 MP: 3/3
   863 | D:3      | Gained mutation: You are mostly covered in slimy green scales (AC +3). [demonic ancestry]
   863 | D:3      | Reached XP level 4. HP: 35/35 MP: 4/4
  1027 | D:2      | Gained mutation: You are immune to rotting. [demonic ancestry]
  1027 | D:2      | Reached XP level 5. HP: 41/41 MP: 5/5
  1764 | D:2      | Found a glowing golden altar of the Shining One.
  1807 | D:2      | Noticed Terence
  1821 | D:2      | Killed Terence
  2183 | D:3      | Reached *** piety under Trog
  2286 | D:3      | Found a sparkling altar of Nemelex Xobeh.
  2510 | D:2      | Reached skill level 6 in Long Blades
  2704 | D:4      | Reached XP level 6. HP: 47/47 MP: 6/6
  2737 | D:5      | Entered Level 5 of the Dungeon
  3049 | D:4      | Got a faintly humming cloak
  3058 | D:4      | Identified the +1 cloak "Ankoef" {rF+ rC- Int+4 Slay+5} (You found it on level 4 of the Dungeon)
  3079 | D:4      | You fall through a shaft for 3 floors!
  3209 | D:6      | Reached skill level 7 in Long Blades
  3216 | D:6      | Reached XP level 7. HP: 18/52 MP: 7/7
  3434 | D:6      | Reached skill level 8 in Long Blades
  3459 | D:6      | Reached **** piety under Trog
  3596 | D:4      | Found a snail-covered altar of Cheibriados.
  3675 | D:4      | Found a stormy altar of Qazlal.
  3764 | D:4      | Reached skill level 9 in Long Blades
  3764 | D:4      | Gained mutation: You may emit foul miasma when damaged in melee. [demonic ancestry]
  3764 | D:4      | Reached XP level 8. HP: 58/58 MP: 8/8
  4897 | D:5      | Reached skill level 10 in Long Blades
  5917 | D:6      | Noticed Crazy Yiuf
  5922 | D:6      | Killed Crazy Yiuf
  5968 | D:6      | Noticed Grinder
  5980 | D:6      | Killed Grinder
  5980 | D:6      | Reached skill level 11 in Long Blades
  5980 | D:6      | Reached XP level 9. HP: 46/64 MP: 9/9
  6174 | D:7      | Noticed a spriggan baker
  6189 | D:7      | Killed a spriggan baker
  6246 | D:7      | Reached ***** piety under Trog
  6555 | D:7      | Found a staircase to the Ecumenical Temple.
  6797 | D:7      | Found a bloodstained altar of Trog.
  6974 | D:8      | Received a gift from Trog
  7097 | D:9      | Reached skill level 12 in Long Blades
  7197 | D:10     | Entered Level 10 of the Dungeon
  7667 | D:9      | Reached XP level 10. HP: 63/73 MP: 10/10
  7773 | D:8      | Found an iron altar of Okawaru.
  7948 | D:8      | Found a shimmering altar of Xom.
  8562 | D:9      | Found a staircase to the Orcish Mines.
  8570 | D:9      | Found a roughly hewn altar of Beogh.
  8580 | D:9      | Reached skill level 13 in Long Blades
  8586 | D:9      | Reached skill level 5 in Fighting
  8786 | D:9      | Found a deep blue altar of Sif Muna.
  8889 | Orc:1    | Entered Level 1 of the Orcish Mines
  8950 | Orc:1    | Found a bloodstained altar of Trog.
 10056 | Orc:3    | Noticed an orc knight
 10071 | Orc:3    | Slain by an orc warrior

Action                   |  1- 3 |  4- 6 |  7- 9 | 10-12 || total
-------------------------+-------+-------+-------+-------++-------
Melee: Falchion          |    91 |   255 |   336 |       ||   682
       Great sword       |       |       |    67 |   188 ||   255
Invok: Berserk           |     1 |     2 |     4 |     2 ||     9
       Burn Spellbooks   |       |     1 |       |       ||     1
       Trog's Hand       |       |       |     3 |       ||     3
  Use: Scroll            |       |     7 |     6 |     1 ||    14
       Potion            |       |       |    13 |       ||    13
 Stab: Sleeping          |     1 |       |       |       ||     1
  Eat: Bread ration      |       |     1 |     1 |       ||     2
       Chunk             |       |     4 |    12 |    10 ||    26
       Pizza             |       |     1 |     1 |       ||     2
       Beef jerky        |       |       |     1 |       ||     1
